 Dungeon Sprint DCSS version 0.17-a0-1674-g2b13139 (webtiles) character file.

64246 Kidiri the Imperceptible (level 13, -4/55 HPs)
             Began as a Spriggan Enchanter on Aug 18, 2015.
             Was the Champion of Dithmenos.
             Slain by Wiglaf
             ... wielding a +1 war axe of holy wrath
              (19 damage)
             ... in the Dungeon (Sprint III: "The Ten Rune Challenge").
             The game lasted 00:30:14 (6921 turns).

Kidiri the Imperceptible (Spriggan Enchanter)       Turns: 6921, Time: 00:30:14

Health: -4/55      AC:  8    Str:  4    XL:     13   Next: 52%
Magic:  21/31      EV: 36    Int: 19    God:    Dithmenos [******]
Gold:   1093       SH:  0    Dex: 19    Spells: 11 memorised, 9 levels left

rFire  . . .     SeeInvis +     a - +2 dagger (distort)
rCold  + . .     Clarity  +     f - +2 robe {rN+}
rNeg   + . .     SustAt   .     (shield restricted)
rPois  .         Gourm    .     n - +2 hat
rElec  +         Spirit   .     u - +1 cloak of Jiova {+Fly rElec rC+}
rCorr  .         Warding  .     (gloves unavailable)
rMut   .         NoTele   +     (boots unavailable)
MR     ++...                    (no amulet)
Stlth  ++++++++++               (no ring)
                                (no ring)

@: slowed, wreathed by umbra, quick, very resistant to hostile enchantments,
uncannily stealthy
A: unfitting armour, see invisible, clarity, herbivore 3, speed 3, low mp 1,
slow metabolism 2, spit poison 1
a: Spit Poison, Shadow Step, Shadow Form, Renounce Religion, Evoke Flight
}: 2/10 runes: decaying, barnacled


You were in the Dungeon.
You worshipped Dithmenos.
Dithmenos was exalted by your worship.
You were not hungry.

You visited 1 branch You collected 1829 gold pieces.
You spent 736 gold pieces at shops.

Inventory:

Hand weapons
 a - a +2 dagger of distortion (weapon)
Armour
 f - a +2 robe of positive energy (worn)
 n - a +2 hat (worn)
 u - the +1 cloak of Jiova (worn) {+Fly rElec rC+}
   (You bought it in a shop in the Dungeon)

   It protects you from cold.
   It insulates you from electricity.
   It lets you fly.
Magical devices
 k - a wand of magic darts (15)
Scrolls
 j - a scroll of blinking
 o - 2 scrolls of remove curse
 s - a scroll of torment
 t - a scroll of enchant armour
 v - 4 scrolls of identify
 x - a scroll of amnesia
Potions
 b - a potion of degeneration {unknown}
 c - a potion of might
 e - 2 potions of curing
 g - a potion of haste
 h - 2 potions of magic
 i - 2 potions of berserk rage
 q - 2 potions of cure mutation
 r - 3 potions of flight
Comestibles
 m - 6 fruits
 p - 31 royal jellies


   Skills:
 + Level 11.9 Short Blades
 * Level 20.2 Dodging
 * Level 21.7 Stealth
 * Level 17.4 Spellcasting
 + Level 8.2 Conjurations
 + Level 13.2 Hexes
 + Level 10.1 Charms
 + Level 8.3 Summonings
 + Level 13.4 Translocations
 + Level 9.4 Ice Magic
 - Level 4.0 Invocations


You had 9 spell levels left.
You knew the following spells:

 Your Spells              Type           Power        Failure   Level  Hunger
a - Corona                Hex            ######.      0%          1    None
b - Ensorcelled Hibernat  Hex/Ice        ######       1%          2    None
c - Confuse               Hex            ######..     1%          3    None
d - Tukima's Dance        Hex            ######..     1%          3    None
e - Dazzling Spray        Conj/Hex       ######..     1%          3    None
f - Gell's Gravitas       Hex/Tloc       ######....   1%          3    None
g - Recall                Summ/Tloc      N/A          1%          3    None
h - Force Lance           Conj/Tloc      ######..     1%          4    None
i - Phase Shift           Tloc           ######....   1%          5    ###....
j - Summon Forest         Summ/Tloc      ######....   1%          5    ###....
k - Warp Weapon           Chrm/Tloc      ######....   1%          5    ###....


Dungeon Overview and Level Annotations

Branches:
Dungeon (1/1)

Altars:
Cheibriados
Dithmenos
Elyvilon
Fedhas
Gozag
Kikubaaqudgha
Makhleb
Nemelex Xobeh
Okawaru
Qazlal
Ru
Sif Muna
Trog
Vehumet
Xom
Yredelemnul
Zin
The Shining One
Jiyva
Lugonu

Shops:
D =?[[[}?

Annotations:
D Frances, Wiglaf


Innate Abilities, Weirdness & Mutations

You are tiny and cannot use many weapons and most armour.
You have supernaturally acute eyesight.
You are a herbivore.
You cover ground extremely quickly.
You need consume almost no food.
You possess an exceptional clarity of mind.
Your magical capacity is low (-10% MP).
You can spit weak poison.


Message History

The smoke demon misses you. The smoke demon closely misses you.
The smoke demon hits you but does no damage.
You hit Frances.
Space warps horribly around Frances!
Frances is heavily wounded.
Frances unwields an uncursed blowgun.
Frances wields an uncursed war axe of holy wrath.
It softly glows with a divine radiance!
Frances hits you but does no damage. The smoke demon barely misses you.
The smoke demon completely misses you. The smoke demon completely misses you.
You hit Frances.
Space bends around Frances.
Frances is heavily wounded.
Frances completely misses you.
You hit Frances.
Frances is heavily wounded.
Frances disappears!
The smoke demon disappears!
Wiglaf is no longer moving quickly.
You completely miss Wiglaf.
Wiglaf is severely wounded.
Wiglaf hits you with a war axe of holy wrath!!
You die...

'#[)### ########## ###
.#+###########################
.#))≈§§§.#.'...'.#.#.#.+?..≈≈#
.#)#§§§#§#.#...##.#.#.##...≈≈###
.'.#§§§#.#.#)..#.#.#.#.#...≈≈≈≈#
.#.#§§§#...#)).##.#.#.##...≈≈≈≈#
▓▓▓▓▓▓▓▓▓▓▓▓▓▓▓#.#.#.#.#.......#
≈........≈≈≈...##.#.#.##.......#
≈≈≈≈≈≈≈≈≈≈≈♣♣P.§@#.#.#.#.......#
♣♣♣♣♣♣♣♣♣♣♣♣♣PP##g#.#.##########
♣♣♣##3##### ♣♣♣♣♣♣♣♣♣♣♣♣♣ ...
.)##≈≈≈≈≈≈..# #...#
##[#≈≈≈≈≈...# #...#
#.##+≈≈≈≈≈####+#####
#...#≈≈.....§§§#
##..#≈..+#######


You could see Wiglaf and a chaos spawn.

Vanquished Creatures
  Rupert (D)
  Polyphemus (D)
  Gastronok (D)
  Ilsuiw (D)
  4 azure jellies (D)
  Maud (D)
  2 dire elephants (D)
  Snorg (D)
  A merfolk javelineer (D)
  2 ice dragons (D)
  2 hydras (D)
  A centaur warrior (D)
  An orc high priest (D)
  4 death yaks (D)
  A sea snake (D)
  A death drake (D)
  2 deep elf knights (D)
  An unseen horror (D)
  A lindwurm (D)
  A spriggan druid (D)
  A deep elf summoner (D)
  A deep elf conjurer (D)
  An orc sorcerer (D)
  2 elephants (D)
  2 black mambas (D)
  2 spiny frogs (D)
  A komodo dragon (D)
  2 deep elf priests (D)
  A fire drake (D)
  A queen bee (D)
  3 wandering mushrooms (D)
  8 blink frogs (D)
  A shadow (D)
  3 redbacks (D)
  2 spriggans (D)
  A spatial vortex (D)
  A necrophage (D)
  A hydra simulacrum (D)
  A swamp drake (D)
  2 centaurs (D)
  An earth elemental (D)
  2 brain worms (D)
  A water elemental (D)
  32 killer bees (D)
  A scorpion (D)
  An electric eel (D)
  2 orc wizards (D)
  A jelly (D)
  3 orc priests (D)
  Jessica (D)
  A necromancer (D)
  A wizard (D)
  3 sheep (D)
  A kobold demonologist (D)
  3 humans (D)
  2 oozes (D)
  2 swamp drake simulacra (D)
  5 orcs (D)
130 creatures vanquished.

Vanquished Creatures (collateral kills)
  An orc knight (D)
  An orc warrior (D)
  An orc priest (D)
  3 orcs (D)
6 creatures vanquished.

Vanquished Creatures (others)
  2 draconian scorchers (D)
  Nessos (D)
  A hydra (D)
  3 yaktaurs (D)
  9 plants (D)
16 creatures vanquished.

Grand Total: 152 creatures vanquished

Notes
Turn   | Place    | Note
--------------------------------------------------------------
     0 | D        | Kidiri the Spriggan Enchanter began the quest for the Orb.
     0 | D        | Reached XP level 1. HP: 9/9 MP: 5/5
     8 | D        | Reached skill level 5 in Stealth
    34 | D        | Killed a yaktaur
   145 | D        | Killed a white draconian scorcher
   218 | D        | Killed a white draconian scorcher
   285 | D        | Reached XP level 2. HP: 8/13 MP: 5/7
   416 | D        | Learned a level 2 spell: Ensorcelled Hibernation
   417 | D        | Noticed Jessica
   420 | D        | Killed Jessica
   420 | D        | Reached skill level 5 in Dodging
   420 | D        | Reached skill level 6 in Stealth
   420 | D        | Reached skill level 1 in Ice Magic
   420 | D        | Reached XP level 3. HP: 16/16 MP: 7/9
   448 | D        | Learned a level 3 spell: Confuse
   452 | D        | Learned a level 3 spell: Tukima's Dance
   520 | D        | Noticed a scorpion
   527 | D        | Killed a scorpion
   527 | D        | Reached skill level 7 in Stealth
   527 | D        | Reached skill level 5 in Spellcasting
   527 | D        | Reached skill level 5 in Hexes
   527 | D        | Reached XP level 4. HP: 21/21 MP: 10/12
   532 | D        | Learned a level 3 spell: Dazzling Spray
   547 | D        | Gained mutation: Your spells are a little easier to cast, but a little less powerful. [potion of mutation]
   547 | D        | Gained mutation: You are surrounded by a mild repulsion field (EV +2). [potion of mutation]
   547 | D        | Gained mutation: Your magical capacity is low (-10% MP). [potion of mutation]
   548 | D        | Lost mutation: Your spells are a little easier to cast, but a little less powerful. [potion of cure mutation]
   548 | D        | Lost mutation: Your magical capacity is low (-10% MP). [potion of cure mutation]
   548 | D        | Lost mutation: You are surrounded by a mild repulsion field (EV +2). [potion of cure mutation]
   549 | D        | Gained mutation: You have a pair of small horns on your head. [potion of mutation]
   549 | D        | Lost mutation: You have a pair of small horns on your head. [potion of mutation]
   549 | D        | Gained mutation: Your spells are a little easier to cast, but a little less powerful. [potion of mutation]
   550 | D        | Lost mutation: Your spells are a little easier to cast, but a little less powerful. [potion of cure mutation]
   644 | D        | Noticed a water elemental
   680 | D        | Killed a water elemental
   680 | D        | Reached skill level 8 in Stealth
   680 | D        | Reached XP level 5. HP: 8/24 MP: 0/14
   695 | D        | Killed a yaktaur
   709 | D        | Killed Nessos
   908 | D        | Noticed a jelly
   909 | D        | Noticed a shadow
   911 | D        | Killed a shadow
   911 | D        | Reached skill level 9 in Dodging
   911 | D        | Reached skill level 10 in Stealth
   911 | D        | Reached skill level 1 in Conjurations
   911 | D        | Reached XP level 6. HP: 28/28 MP: 14/17
   918 | D        | Killed a jelly
   973 | D        | Found a stormy altar of Qazlal.
   974 | D        | Found a sacrificial altar of Ru.
   974 | D        | Found a burning altar of Makhleb.
   974 | D        | Found a viscous altar of Jiyva.
   974 | D        | Found a shimmering altar of Xom.
   974 | D        | Found a shadowy altar of Dithmenos.
   974 | D        | Found a sparkling altar of Nemelex Xobeh.
   974 | D        | Found a corrupted altar of Lugonu.
   974 | D        | Found an opulent altar of Gozag.
   974 | D        | Noticed a spatial vortex
   978 | D        | Became a worshipper of Dithmenos the Shadowed
  1008 | D        | Killed a spatial vortex
  1008 | D        | Reached skill level 5 in Short Blades
  1008 | D        | Reached skill level 10 in Dodging
  1008 | D        | Reached skill level 11 in Stealth
  1008 | D        | Reached skill level 1 in Invocations
  1121 | D        | Found a radiant altar of Vehumet.
  1122 | D        | Found a deep blue altar of Sif Muna.
  1122 | D        | Found an ancient bone altar of Kikubaaqudgha.
  1122 | D        | Noticed a wizard
  1123 | D        | Killed a wizard
  1136 | D        | Learned a level 3 spell: Gell's Gravitas
  1140 | D        | Learned a level 3 spell: Recall
  1150 | D        | Found a glowing silver altar of Zin.
  1151 | D        | Found a glowing golden altar of the Shining One.
  1151 | D        | Found a white marble altar of Elyvilon.
  1151 | D        | Noticed a deep elf priest
  1162 | D        | Killed a deep elf priest
  1162 | D        | Reached skill level 1 in Summonings
  1162 | D        | Reached XP level 7. HP: 29/32 MP: 3/20
  1273 | D        | Learned a level 4 spell: Force Lance
  1274 | D        | Found an iron altar of Okawaru.
  1275 | D        | Found a bloodstained altar of Trog.
  1275 | D        | Noticed a human
  1275 | D        | Noticed a human
  1277 | D        | Killed a human
  1277 | D        | Reached skill level 12 in Stealth
  1278 | D        | Killed a human
  1295 | D        | Found a basalt altar of Yredelemnul.
  1295 | D        | Found a snail-covered altar of Cheibriados.
  1295 | D        | Found a blossoming altar of Fedhas.
  1295 | D        | Noticed a necrophage
  1295 | D        | Noticed a necromancer
  1300 | D        | Killed a necromancer
  1300 | D        | Acquired Dithmenos's first power
  1300 | D        | Reached XP level 8. HP: 36/36 MP: 12/22
  1306 | D        | Killed a necrophage
  1402 | D        | Noticed Snorg
  1441 | D        | Killed Snorg
  1441 | D        | Reached skill level 13 in Stealth
  1441 | D        | Reached skill level 10 in Spellcasting
  1441 | D        | Reached skill level 5 in Translocations
  1536 | D        | Learned a level 5 spell: Phase Shift
  1560 | D        | Noticed an earth elemental
  1563 | D        | Killed an earth elemental
  1563 | D        | Reached XP level 9. HP: 39/39 MP: 24/24
  1570 | D        | Noticed a centaur
  1570 | D        | Noticed a centaur warrior
  1570 | D        | Noticed a centaur
  1573 | D        | Killed a centaur warrior
  1573 | D        | Reached skill level 14 in Stealth
  1573 | D        | Reached skill level 5 in Ice Magic
  1574 | D        | Killed a centaur
  1574 | D        | Acquired Dithmenos's second power
  1577 | D        | Killed a centaur
  1609 | D        | Noticed an unseen horror
  1611 | D        | Killed an unseen horror
  1621 | D        | Noticed a killer bee
  1621 | D        | Noticed a killer bee
  1621 | D        | Noticed a killer bee
  1621 | D        | Noticed a killer bee
  1621 | D        | Noticed a killer bee
  1621 | D        | Noticed a killer bee
  1621 | D        | Noticed a killer bee
  1621 | D        | Noticed a killer bee
  1621 | D        | Noticed a killer bee
  1621 | D        | Noticed a killer bee
  1621 | D        | Noticed a killer bee
  1621 | D        | Noticed a killer bee
  1621 | D        | Noticed a killer bee
  1621 | D        | Noticed a killer bee
  1621 | D        | Noticed a killer bee
  1622 | D        | Noticed a killer bee
  1622 | D        | Noticed a killer bee
  1622 | D        | Noticed a killer bee
  1622 | D        | Noticed a killer bee
  1622 | D        | Noticed a killer bee
  1622 | D        | Noticed a killer bee
  1622 | D        | Noticed a killer bee
  1622 | D        | Noticed a killer bee
  1622 | D        | Noticed a killer bee
  1622 | D        | Noticed a killer bee
  1622 | D        | Noticed a killer bee
  1622 | D        | Noticed a queen bee
  1622 | D        | Noticed a killer bee
  1622 | D        | Noticed a killer bee
  1622 | D        | Noticed a killer bee
  1622 | D        | Noticed a killer bee
  1622 | D        | Noticed a killer bee
  1622 | D        | Noticed a killer bee
  1627 | D        | Killed a killer bee
  1629 | D        | Killed a killer bee
  1629 | D        | Acquired Dithmenos's third power
  1631 | D        | Killed a killer bee
  1633 | D        | Killed a killer bee
  1638 | D        | Killed a killer bee
  1640 | D        | Killed a killer bee
  1640 | D        | Reached skill level 15 in Stealth
  1642 | D        | Killed a killer bee
  1644 | D        | Killed a killer bee
  1644 | D        | Acquired Dithmenos's fourth power
  1781 | D        | Killed a killer bee
  1783 | D        | Killed a killer bee
  1787 | D        | Killed a killer bee
  1789 | D        | Killed a killer bee
  1789 | D        | Reached XP level 10. HP: 44/44 MP: 9/26
  1791 | D        | Killed a killer bee
  1793 | D        | Killed a killer bee
  1941 | D        | Learned a level 5 spell: Summon Forest
  1945 | D        | Killed a killer bee
  1950 | D        | Killed a killer bee
  1953 | D        | Killed a killer bee
  1957 | D        | Killed a killer bee
  1961 | D        | Killed a killer bee
  1963 | D        | Killed a killer bee
  2041 | D        | Killed an eight-headed hydra
  2094 | D        | Killed a killer bee
  2098 | D        | Killed a killer bee
  2100 | D        | Killed a killer bee
  2104 | D        | Killed a killer bee
  2106 | D        | Killed a killer bee
  2108 | D        | Killed a killer bee
  2110 | D        | Killed a killer bee
  2112 | D        | Killed a killer bee
  2114 | D        | Killed a killer bee
  2116 | D        | Killed a killer bee
  2118 | D        | Killed a killer bee
  2121 | D        | Killed a queen bee
  2121 | D        | Reached skill level 5 in Conjurations
  2125 | D        | Killed a killer bee
  2321 | D        | Noticed a wandering mushroom
  2322 | D        | Noticed a wandering mushroom
  2322 | D        | Noticed a wandering mushroom
  2324 | D        | Killed a wandering mushroom
  2327 | D        | Killed a wandering mushroom
  2330 | D        | Killed a wandering mushroom
  2330 | D        | Reached skill level 16 in Stealth
  2498 | D        | Noticed a spiny frog
  2498 | D        | Noticed a komodo dragon
  2498 | D        | Noticed a spiny frog
  2501 | D        | Killed a komodo dragon
  2501 | D        | Reached skill level 10 in Hexes
  2505 | D        | Killed a spiny frog
  2506 | D        | Killed a spiny frog
  2506 | D        | Reached skill level 15 in Dodging
  2511 | D        | Noticed a redback
  2513 | D        | Killed a redback
  2514 | D        | Noticed a brain worm
  2518 | D        | Killed a brain worm
  2522 | D        | Noticed a brain worm
  2525 | D        | Killed a brain worm
  2531 | D        | Noticed a lindwurm
  2535 | D        | Noticed a redback
  2536 | D        | Killed a lindwurm
  2536 | D        | Reached skill level 5 in Summonings
  2539 | D        | Killed a redback
  2562 | D        | Noticed a redback
  2563 | D        | Noticed Maud
  2564 | D        | Killed a redback
  2581 | D        | Killed Maud
  2581 | D        | Reached skill level 17 in Stealth
  2581 | D        | Reached XP level 11. HP: 6/47 MP: 10/29
  2857 | D        | Noticed an electric eel
  2858 | D        | Noticed an eight-headed hydra
  2858 | D        | Noticed a four-headed hydra
  2859 | D        | Killed an electric eel
  2861 | D        | Killed an eight-headed hydra
  2862 | D        | Killed a four-headed hydra
  3155 | D        | Learned a level 5 spell: Warp Weapon
  3213 | D        | Noticed a death drake
  3215 | D        | Killed a death drake
  3215 | D        | Reached skill level 1 in Charms
  3239 | D        | Found a blossoming altar of Fedhas.
  3239 | D        | Noticed a spriggan
  3239 | D        | Noticed a spriggan druid
  3239 | D        | Noticed a spriggan
  3244 | D        | Killed a spriggan druid
  3244 | D        | Killed a spriggan
  3245 | D        | Killed a spriggan
  3245 | D        | Reached skill level 10 in Translocations
  3313 | D        | Noticed Polyphemus
  3346 | D        | Noticed a swamp drake
  3346 | D        | Noticed a fire drake
  3347 | D        | Killed a fire drake
  3349 | D        | Killed a swamp drake
  3361 | D        | Noticed a blink frog
  3361 | D        | Noticed a blink frog
  3362 | D        | Noticed a blink frog
  3362 | D        | Noticed a blink frog
  3362 | D        | Noticed a blink frog
  3363 | D        | Killed a blink frog
  3365 | D        | Killed a blink frog
  3365 | D        | Reached skill level 18 in Stealth
  3369 | D        | Killed a blink frog
  3371 | D        | Killed a blink frog
  3381 | D        | Killed a blink frog
  3501 | D        | Noticed Rupert
  3503 | D        | Killed Rupert
  3503 | D        | Reached skill level 10 in Short Blades
  3507 | D        | Gained mutation: You can spit weak poison. [potion of mutation]
  3507 | D        | Gained mutation: Your magical capacity is low (-10% MP). [potion of mutation]
  3507 | D        | Gained mutation: You possess an exceptional clarity of mind. [potion of mutation]
  3521 | D        | Noticed a death yak
  3522 | D        | Noticed a death yak
  3522 | D        | Noticed a blink frog
  3523 | D        | Killed a death yak
  3524 | D        | Noticed an azure jelly
  3524 | D        | Noticed a death yak
  3524 | D        | Noticed an azure jelly
  3524 | D        | Noticed a blink frog
  3524 | D        | Noticed a death yak
  3525 | D        | Killed a death yak
  3525 | D        | Reached skill level 5 in Charms
  3525 | D        | Reached XP level 12. HP: 51/51 MP: 23/28
  3526 | D        | Noticed a blink frog
  3829 | D        | Noticed a black mamba
  3834 | D        | Killed a black mamba
  3843 | D        | Killed a death yak
  3843 | D        | Reached skill level 19 in Stealth
  3843 | D        | Reached skill level 15 in Spellcasting
  3850 | D        | Killed a death yak
  3997 | D        | Noticed a black mamba
  4001 | D        | Killed a black mamba
  4024 | D        | Killed a blink frog
  4027 | D        | Killed a blink frog
  4035 | D        | Killed a blink frog
  4093 | D        | Noticed an ice dragon
  4094 | D        | Killed an ice dragon
  4100 | D        | Found Vuim's Jewellery Shoppe.
  4100 | D        | Found Kamaetaf's Magic Scroll Boutique.
  4100 | D        | Found Caagas's Antique Armour Emporium.
  4100 | D        | Noticed a six-headed hydra simulacrum
  4103 | D        | Killed a six-headed hydra simulacrum
  4104 | D        | Noticed an ice dragon
  4417 | D        | Killed a yaktaur
  4529 | D        | Noticed an azure jelly
  4529 | D        | Noticed an azure jelly
  4530 | D        | Noticed an elephant
  4530 | D        | Noticed an elephant
  4530 | D        | Noticed a dire elephant
  4530 | D        | Noticed a dire elephant
  4530 | D        | Noticed Gastronok
  4532 | D        | Killed Gastronok
  4533 | D        | Killed a dire elephant
  4537 | D        | Killed a dire elephant
  4552 | D        | Killed an elephant
  4561 | D        | Killed an elephant
  4561 | D        | Reached skill level 20 in Stealth
  4694 | D        | Killed an azure jelly
  4696 | D        | Killed an azure jelly
  4697 | D        | Killed an azure jelly
  4700 | D        | Killed an azure jelly
  4700 | D        | Reached XP level 13. HP: 55/55 MP: 26/31
  4755 | D        | Killed an ice dragon
  4986 | D        | Got a decaying rune of Zot
  5306 | D        | Noticed Ilsuiw
  5307 | D        | Killed Polyphemus
  5307 | D        | Reached skill level 21 in Stealth
  5313 | D        | Killed Ilsuiw
  5321 | D        | Found Wegox's Antique Armour Emporium.
  5321 | D        | Found Zaar's Gadget Shop.
  5321 | D        | Found Nuacvod's Magic Scroll Shoppe.
  5321 | D        | Noticed a sea snake
  5321 | D        | Noticed a merfolk javelineer
  5323 | D        | Killed a sea snake
  5345 | D        | Killed a merfolk javelineer
  5365 | D        | Got a barnacled rune of Zot
  5491 | D        | Found Koqyo's Antique Armour Boutique.
  5491 | D        | Noticed an orc high priest
  5491 | D        | Noticed an orc knight
  5491 | D        | Noticed an orc sorcerer
  5491 | D        | Noticed an orc priest
  5492 | D        | Noticed an orc priest
  5492 | D        | Noticed an orc wizard
  5492 | D        | Noticed an orc priest
  5492 | D        | Noticed an orc priest
  5492 | D        | Noticed an orc wizard
  5492 | D        | Noticed an orc warrior
  5493 | D        | Killed an orc sorcerer
  5494 | D        | Killed an orc priest
  5501 | D        | Killed an orc knight
  5504 | D        | Killed an orc priest
  5511 | D        | Killed an orc wizard
  5515 | D        | Killed an orc high priest
  5519 | D        | Killed an orc wizard
  5525 | D        | Killed an orc warrior
  5527 | D        | Killed an orc priest
  5535 | D        | Killed an orc priest
  5616 | D        | Bought a sheer robe for 142 gold pieces
  5626 | D        | Identified the +1 robe of Neof {rN+} (You bought it in a shop in the Dungeon)
  5702 | D        | Noticed a deep elf priest
  5702 | D        | Noticed a deep elf knight
  5702 | D        | Noticed a deep elf conjurer
  5702 | D        | Noticed a deep elf summoner
  5702 | D        | Noticed a deep elf knight
  5709 | D        | Noticed a deep elf demonologist
  5712 | D        | Noticed a deep elf annihilator
  5712 | D        | Killed a deep elf summoner
  5719 | D        | Killed a deep elf conjurer
  5720 | D        | Killed a deep elf knight
  5720 | D        | Reached skill level 10 in Charms
  5726 | D        | Killed a deep elf knight
  5727 | D        | Killed a deep elf priest
  5963 | D        | Noticed a deep elf conjurer
  5963 | D        | Noticed a deep elf conjurer
  5964 | D        | Noticed a deep elf death mage
  6110 | D        | Bought a scroll of enchant armour for 82 gold pieces
  6110 | D        | Bought a scroll of enchant weapon for 82 gold pieces
  6110 | D        | Bought a scroll of identify for 22 gold pieces
  6429 | D        | Bought a faintly humming cloak for 190 gold pieces
  6429 | D        | Bought a faintly glowing robe for 114 gold pieces
  6430 | D        | Bought a scroll of identify for 22 gold pieces
  6430 | D        | Bought a scroll of amnesia for 38 gold pieces
  6430 | D        | Bought a scroll of identify for 22 gold pieces
  6430 | D        | Bought a scroll of identify for 22 gold pieces
  6450 | D        | Identified the +1 cloak of Jiova {+Fly rElec rC+} (You bought it in a shop in the Dungeon)
  6460 | D        | Identified the +1 robe "Taogae" {+Fly rElec Str+2 Int-5} (You bought it in a shop in the Dungeon)
  6896 | D        | Noticed Wiglaf
  6896 | D        | Noticed Frances
  6921 | D        | Slain by Wiglaf

Vault maps used:
D:        dungeon_sprint_mu

Action                   |  1- 3 |  4- 6 |  7- 9 | 10-12 | 13-15 || total
-------------------------+-------+-------+-------+-------+-------++-------
Melee: Dagger            |    21 |    33 |    33 |   104 |    57 ||   248
 Cast: Ensorcelled Hiber |     1 |     2 |    22 |    61 |     6 ||    92
       Dazzling Spray    |       |    11 |     8 |    31 |    25 ||    75
       Confuse           |       |     3 |     2 |     8 |     1 ||    14
       Phase Shift       |       |       |     1 |     1 |     1 ||     3
       Tukima's Dance    |       |       |       |     1 |     2 ||     3
       Warp Weapon       |       |       |       |       |     2 ||     2
Invok: Shadow Step       |       |       |       |    12 |     5 ||    17
  Use: Potion            |       |     4 |       |     1 |     3 ||     8
       Scroll            |       |     3 |       |       |     1 ||     4
 Stab: Sleeping          |     3 |     4 |    20 |    57 |    11 ||    95
       Invisible         |       |     1 |       |     8 |     7 ||    16
       Confused          |       |       |     2 |     2 |     1 ||     5
  Eat: Bread ration      |       |       |       |     1 |       ||     1
